cohdb
Replays
Latest Replays
All Replays
Popular Replays
Top Player Replays
Match Explorer
How It Works
Community
CoH3 Stats
Reddit
Sign in to upload your games and track your stats! →
Sign in with Steam
Match 41345903
Unlisted
Match 41345903
Overview
Messages
Build Orders
End
Construct Infanterie Kompanie
Selects Terror Battlegroup
Selects Machine Gun Camouflage
MG 42 Machine Gun Team
Grenadier Squad
GrW 34 Mortar Team
Grenadier Squad
Infanterie Officer Quarters
Grenadier Squad
Construct Panzergrenadier Kompanie
Grenadier Squad
Pak 40 Anti-tank Gun Team
Selects Interrogate
Construct Panzer Kompanie
Selects Jericho Trumpet
Panzer Officer Quarters
Stoßtruppen Squad
Jericho Trumpet
Panzer IV Medium Tank
Phan
MrBlueSteel
kamacura
SoldMyDad
Tkil
So Predictable
RyuJou
Bruckley
0
0
Comments
sign in to comment!
No comments posted yet!